AoeStats
← andonihc9

Arabia

509920288Analyzed
1v1 RM · 3d ago on Sep 28, 2026· 31m 50s· 2 players
Game mode
Random Map
Map size
Tiny (2 player)
Population
200
Speed
Normal
Resources
Standard
Victory
Conquest
Starting age
Dark Age
Ending age
Imperial Age
RankedLock teamsTeams togetherTeam positionsShared explorationLock speedFull tech treeHidden civsTurbo modeCheats
Victory
Defeat
🇨🇿 Ethiopians · Czechia
765
+16
🇲🇽 Byzantines · Mexico
774
-40
Košíno
7:35 Loom
10:49 Feudal Age
11:32 Double-Bit Axe
11:31 Horse Collar
21:45 Castle Age
20:08 Padded Archer Armor
20:00 Fletching
21:53 Crossbowman
22:40 Thumb Ring
22:53 Leather Archer Armor
23:24 Town Watch
28:06 Bow Saw
andonihc9
8:33 Loom
11:03 Feudal Age
12:09 Double-Bit Axe
18:08 Fletching
18:19 Padded Archer Armor
22:39 Wheelbarrow
27:36 Castle Age
28:52 Gold Mining
29:02 Man-at-Arms
29:28 Gambesons
29:09 Pikeman
29:49 Squires
Connection lost

Rejoining the realm…

Still unreachable

The connection could not be restored.

Session expired

The server has moved on; the page needs a fresh start.